 Dungeon Crawl Stone Soup version 0.30-a0-1035-g38d5fb2972 (webtiles) character file.

Game seed: 8194092354983170447

1099 Ic0nGaming the Slicer (level 8, -2/45 (46) HPs)
             Began as a Kobold Fighter on Apr 8, 2023.
             Was a Follower of Makhleb.
             Killed from afar by a steam dragon (15 damage)
             ... with a ball of steam
             ... on level 5 of the Dungeon.
             The game lasted 00:15:51 (7525 turns).

Ic0nGaming the Slicer (Kobold Fighter)              Turns: 7525, Time: 00:15:51

HP:   -2/45 (46)    AC:  8    Str: 16    XL:     8   Next: 57%
MP:   8/8           EV: 10    Int:  9    God:    Makhleb [*.....]
Gold: 102           SH:  5    Dex: 14    Spells: 7/7 levels left

rFire   . . .      SeeInvis .    a - +0 rapier
rCold   . . .      Faith    .    c - +1 buckler
rNeg    . . .      Spirit   .    b - +0 scale mail
rPois   .          Reflect  .    n - +0 helmet
rElec   .          Rampage  .    (no cloak)
rCorr   .                        (no gloves)
Will    .....                    j - +0 pair of boots
Stlth   +++                      (no amulet)
HPRegen 0.27/turn                (no ring)
MPRegen 0.11/turn                (no ring)

@: lightly drained
A: small, no large weapons, nightstalker 3
a: Renounce Religion


You were on level 5 of the Dungeon.
You worshipped Makhleb.
Makhleb was aware of your devotion.
You visited 1 branch of the dungeon, and saw 5 of its levels.

You collected 270 gold pieces.
You spent 168 gold pieces at shops.

Inventory:

Hand Weapons
 a - a +0 rapier (weapon)
 m - a +0 falchion of freezing
Missiles
 o - 18 poisoned darts (quivered)
Armour
 b - a +0 scale mail (worn)
 c - a +1 buckler (worn)
 j - a +0 pair of boots (worn)
 n - a +0 helmet (worn)
Jewellery
 k - a ring of fire
Wands
 g - a wand of flame (9)
 q - a wand of charming (7)
Scrolls
 l - 2 scrolls of teleportation
 r - a scroll of poison
 s - a scroll of fear
Potions
 d - 3 potions of might
 e - 2 potions of attraction
 f - a potion of curing
 h - a potion of heal wounds
 i - a potion of brilliance
 p - 2 potions of cancellation {unknown}
 t - a potion of mutation {unknown}


   Skills:
 - Level 3.2 Fighting
 * Level 11.0 Short Blades
 - Level 2.4 Armour
 - Level 5.0 Stealth
 - Level 2.4 Shields
 + Level 3.4 Evocations


You had 7 spell levels left.
You didn't know any spells.
Your spell library contained the following spells:

 Spells                   Type           Power      Damage    Failure   Level
 Sublimation of Blood     Necr           0%         N/A       98%         2
 Wereblood                Tmut           0%         N/A       98%         2
 Summon Hydra             Summ           0%         N/A       100%        7


Dungeon Overview and Level Annotations

Branches:
Dungeon (5/15)
 Temple: D:4-7

Altars:
Makhleb
Yredelemnul

Shops:
D:1 ?   D:2 *

Annotations:
D:4 3 runed translucent doors, Frosty's ghost, amateur HOMo


Innate Abilities, Weirdness & Mutations

You are small and have problems with some larger weapons.
You are completely attuned to the shadows.


Message History

Your steam dragon claws the steam dragon but does no damage.
The steam dragon bites your steam dragon.
The steam dragon claws your steam dragon.
A steam dragon is nearby!
Your steam dragon bites the steam dragon but does no damage.
Your steam dragon claws the steam dragon.
The steam dragon bites your steam dragon.
The steam dragon claws your steam dragon.
Your steam dragon closely misses the steam dragon.
Your steam dragon claws the steam dragon but does no damage.
The steam dragon bites your steam dragon.
The steam dragon claws your steam dragon.
Your steam dragon breathes steam at the steam dragon.
The ball of steam hits the steam dragon.
The steam dragon resists.
The steam dragon bites your steam dragon.
The steam dragon closely misses your steam dragon.
Your steam dragon bites the steam dragon.
Your steam dragon closely misses the steam dragon.
The steam dragon bites your steam dragon!
Your steam dragon dies!
Throw: 19 darts (poison)
Press: ? - help, Q - select action, (/) - cycle Shift-Dir - straight line, f/p - steam dragon
Aim: a steam dragon (steam, heavily wounded, 59% to hit)
You throw a poisoned dart.
The poisoned dart closely misses the steam dragon.
The steam dragon breathes steam at you.
The ball of steam hits the fungus!!
The fungus begins to die.
The ball of steam hits you!!
The fungus is engulfed in a cloud of scalding steam.
You block the steam dragon's attack. The steam dragon barely misses you.
You closely miss the steam dragon.
The steam dragon is heavily wounded.
The steam dragon bites you.
* * * LOW HITPOINT WARNING * * *
The steam dragon barely misses you.
The fungus is engulfed in a cloud of scalding steam.
The steam dragon breathes steam at you. The ball of steam hits you!
You die...

..##..#### ##.#........##
.####.)..#####.##......##
.#######.........#######
....############.####
##....#### ###P.##
P###.....#######≈~..PP
~~≈#######.~^§.P......
.~.P.≈P.......§§D..§.D
.......~P.PP~^PP@.(...
≈~...P~#########.~...^
######## .#~.~.≈ #
..##.P~# ... ###


You could see a steam dragon (catching breath).

Vanquished Creatures
  An ice beast (D:4)
  An ogre (D:4)
  A phantom (D:5)
  A centaur zombie (D:4)
  3 hounds (D:5)
  4 orc priests
  2 gnoll boudas
  3 iguanas (D:5)
  2 orc wizards (D:5)
  A sleepcap (D:5)
  Terence (D:2)
  Robin (D:2)
  12 gnolls
  14 adders
  3 ufetubi
  An adder zombie (D:4)
  A worm (D:2)
  3 dart slugs
  13 orcs
  5 bats
  3 endoplasms
  3 giant cockroaches
  8 goblins
  13 hobgoblins
  6 jackals
  2 quokkas (D:1)
  6 ball pythons
  5 frilled lizards
  7 kobolds
  5 rats
131 creatures vanquished.

Vanquished Creatures (others)
  A steam dragon (D:5)
  A goblin (D:3)
  2 fungi (D:5)
  2 plants (D:4)
6 creatures vanquished.

Grand Total: 137 creatures vanquished

Notes
Turn   | Place    | Note
-------+----------+-------------------------------------------
     0 | D:1      | Ic0nGaming the Kobold Fighter began the quest for the Orb.
     0 | D:1      | Reached XP level 1. HP: 14/14 MP: 1/1
   240 | D:1      | Reached skill level 3 in Short Blades
   361 | D:1      | Reached XP level 2. HP: 15/15 MP: 2/2
   698 | D:1      | Found a faded altar of an unknown god.
   902 | D:1      | Reached skill level 4 in Short Blades
  1108 | D:1      | Found Joanam's Magic Scroll Boutique.
  1114 | D:1      | Bought a scroll of identify for 28 gold pieces
  1114 | D:1      | Bought a scroll of identify for 28 gold pieces
  1406 | D:2      | Found Luck's General Store.
  1470 | D:2      | Reached XP level 3. HP: 21/21 MP: 3/3
  1936 | D:2      | Reached skill level 5 in Short Blades
  1988 | D:2      | Reached XP level 4. HP: 28/28 MP: 4/4
  2078 | D:2      | Noticed Terence
  2116 | D:2      | Killed Terence
  2117 | D:2      | Reached skill level 6 in Short Blades
  2330 | D:2      | Reached XP level 5. HP: 30/32 MP: 5/5
  3112 | D:3      | Noticed Robin
  3244 | D:2      | Killed Robin
  3245 | D:2      | Reached skill level 1 in Stealth
  3674 | D:3      | Reached skill level 7 in Short Blades
  4264 | D:4      | Noticed an ogre
  4264 | D:4      | Noticed an ice beast
  4281 | D:4      | Killed an ice beast
  4282 | D:4      | Reached XP level 6. HP: 37/37 MP: 6/6
  4291 | D:4      | Killed an ogre
  4292 | D:4      | Reached skill level 8 in Short Blades
  4361 | D:4      | Reached XP level 7. HP: 38/41 MP: 7/7
  4446 | D:4      | Found a burning altar of Makhleb.
  4467 | D:4      | Became a worshipper of Makhleb the Destroyer
  4763 | D:4      | Found a runed translucent gate.
  4764 | D:4      | Found a runed translucent gate.
  4764 | D:4      | Noticed Frosty's ghost (amateur HOMo)
  4765 | D:4      | Found a basalt altar of Yredelemnul.
  4765 | D:4      | Found a runed translucent gate.
  5155 | D:1      | Bought a scroll of poison for 56 gold pieces
  5155 | D:1      | Bought a scroll of fear for 56 gold pieces
  5256 | D:5      | Entered Level 5 of the Dungeon
  5267 | D:5      | Reached skill level 9 in Short Blades
  5295 | D:5      | HP: 2/41 [iguana (7)]
  5553 | D:4      | Reached skill level 5 in Stealth
  5778 | D:5      | Reached * piety under Makhleb
  5801 | D:5      | Reached skill level 1 in Evocations
  5815 | D:5      | Reached XP level 8. HP: 10/46 MP: 8/8
  6017 | D:5      | Reached skill level 10 in Short Blades
  7273 | D:5      | Reached skill level 11 in Short Blades
  7525 | D:5      | Killed from afar by a steam dragon

Illustrated notes

Levels and vault maps discovered:
D:1:      heliophobic_arrival_glass_houses, layout_basic, serial_shops,
          shop_fountains, hellmonk_ecumenical_altar_lost_god,
          minmay_splitting_lines, grunt_decor_clamped
D:2:      layout_basic, serial_shops, shop_statue, kennysheep_generic_room_4,
          uniq_terence
D:3:      layout_rooms, kennysheep_cluttered_room, uniq_robin
D:4:      layout_loops_ring, nicolae_yredelemnul_ghost_church,
          mainiacjoe_overflow_catwalk, guppyfry_early_lair_pool
D:5:      kennysheep_steamy, layout_rooms

Skill      XL: |  1  2  3  4  5  6  7  8 |
---------------+-------------------------+-----
Short Blades   | 3 4 5 6 7 8 9 11 | 11.0
Stealth        | 3 5 |  5.0
Evocations     | 1 3 |  3.4
Fighting       | |  3.2
Armour         | |  2.4
Shields        | |  2.4

Action                     |  1- 3 |  4- 6 |  7- 9 || total
---------------------------+-------+-------+-------++-------
  Melee: Rapier            |    96 |   118 |   117 ||   331
         Falchion          |       |   109 |   250 ||   359
  Throw: Dart              |       |       |     3 ||     3
  Evoke: Wand              |       |     8 |    19 ||    27
    Use: Scroll            |     5 |     5 |     1 ||    11
         Potion            |       |     2 |     3 ||     5
   Stab: Sleeping          |       |     2 |     6 ||     8
         Distracted        |       |       |     2 ||     2
 Armour: Scale mail        |    31 |    74 |   138 ||   243
  Dodge: Dodged            |    47 |   157 |   180 ||   384
  Block: Buckler           |    18 |    60 |   101 ||   179

Table legend: (Time is in decaauts)
 A = Elapsed time spent in this place.
 B = Non-inter-level travel time spent in this place.
 C = Inter-level travel time spent in this place.
 D = Time resting spent in this place.
 E = Time spent auto-exploring this place.
 F = Levels seen in this place.
 G = Mean time per level.
                   A        B        C        D        E       F      G
               +--------+--------+--------+--------+--------+-----+--------+
         Total |   7580 |   7358 |    222 |   2269 |   3390 |   5 | 1516.0 |
       Dungeon |   7580 |   7358 |    222 |   2269 |   3390 |   5 | 1516.0 |
               +--------+--------+--------+--------+--------+-----+--------+

Top non-repeatable levels by time:
     D:4: 1777 daAuts
     D:5: 1768 daAuts
     D:2: 1719 daAuts
     D:1: 1462 daAuts
     D:3: 854 daAuts
